 Dungeon Crawl Stone Soup version 0.27-a0-686-gaed091b46b (webtiles) character file.

Game seed: 13036592012236938516

173 Hasart the Skirmisher (level 5, 0/41 HPs)
             Began as a Mummy Fighter on Mar 20, 2021.
             Slain by a water moccasin (5 damage)
             ... on level 4 of the Dungeon.
             The game lasted 00:05:15 (3709 turns).

Hasart the Skirmisher (Mummy Fighter)               Turns: 3709, Time: 00:05:16

Health: 0/41       AC:  6    Str: 27    XL:     5   Next: 28%
Magic:  5/5        EV:  8    Int:  7    God:
Gold:   90         SH:  9    Dex: 11    Spells: 4/4 levels left

rFire    x . .     SeeInvis .   a - +0 war axe
rCold    + . .     Faith    .   c - +0 kite shield
rNeg     + + +     Spirit   .   b - +0 scale mail
rPois    ∞         Reflect  .   (no helmet)
rElec    .         Harm     .   (no cloak)
rCorr    +         Rampage  .   (no gloves)
Will     .....                  (no boots)
Stlth    ..........             (no amulet)
HPRegen  0.13/turn              k - ring of resist corrosion
MPRegen  0.09/turn              m - +6 ring of strength

@: no status effects
A: cold resistance 1, negative energy resistance 3, torment resistance 2,
unbreathing 1, heat vulnerability 1, no potions
a: no special abilities


You were on level 4 of the Dungeon.
You visited 1 branch of the dungeon, and saw 4 of its levels.

You collected 90 gold pieces.

Inventory:

Hand Weapons
 a - a +0 war axe (weapon)
Missiles
 d - 5 boomerangs (quivered)
 h - 15 poisoned darts
Armour
 b - a +0 scale mail (worn)
 c - a +0 kite shield (worn)
Jewellery
 k - a ring of resist corrosion (right hand)
 m - a +6 ring of strength (left hand)
Wands
 i - a wand of polymorph (10)
Scrolls
 e - a scroll of blinking {unknown}
 f - 2 scrolls of noise {unknown}
 g - 3 scrolls of identify {unknown}
 j - a scroll of vulnerability {unknown}
 l - a scroll of teleportation {unknown}
 n - a scroll of magic mapping {unknown}


   Skills:
 + Level 3.4 Fighting
 * Level 2.9 Axes
 + Level 1.3 Throwing
 + Level 2.9 Armour
 + Level 1.1 Dodging
 + Level 2.9 Shields


You had 4 spell levels left.
You didn't know any spells.
Your spell library contained the following spells:

 Spells                   Type           Power      Damage    Failure   Level
 Animate Skeleton         Necr           0%         N/A       99%         1
 Apportation              Tloc           0%         N/A       99%         1
 Corona                   Hex            0%         N/A       99%         1
 Pain                     Necr           0%         1d4       99%         1
 Summon Small Mammal      Summ           0%         N/A       99%         1
 Vampiric Draining        Necr           0%         2d6       100%        3
 Animate Dead             Necr           0%         N/A       100%        4
 Agony                    Necr           0%         N/A       100%        5


Dungeon Overview and Level Annotations

Branches:
Dungeon (4/15)
 Temple: D:4-7

Altars:
Cheibriados
Fedhas
Gozag
Kikubaaqudgha
Makhleb
Nemelex Xobeh

Shops:
D:4 *


Innate Abilities, Weirdness & Mutations

You are immune to poison.
Your flesh is cold resistant. (rC+)
You are immune to negative energy. (rN+++)
You are immune to unholy pain and torment.
You can survive without breathing.
You are vulnerable to heat. (rF-)
You do not drink.


Message History

The water moccasin is lightly wounded.
You hit the adder. You block the water moccasin's attack.
The adder barely misses you. You block the water moccasin's attack.
You block the adder's attack. You block the water moccasin's attack.
You barely miss the adder.
The adder is moderately wounded.
You barely miss the water moccasin. The adder bites you but does no damage.
The water moccasin bites you. You block the adder's attack.
The water moccasin bites you but does no damage.
You hit the adder.
The adder is heavily wounded.
You miss the water moccasin. The adder completely misses you.
You block the water moccasin's attack. The adder bites you but does no damage.
The water moccasin barely misses you.
You miss the adder.
The adder is heavily wounded.
You miss the water moccasin. The adder bites you but does no damage.
The water moccasin barely misses you. The adder bites you but does no damage.
The water moccasin bites you. The adder barely misses you.
You are too injured to fight recklessly!
You are too injured to fight recklessly!
You are too injured to fight recklessly!
You miss the water moccasin.
The water moccasin is lightly wounded.
You closely miss the adder. The water moccasin closely misses you.
You block the adder's attack. The water moccasin misses you.
The adder bites you.
You closely miss the water moccasin.
The water moccasin is lightly wounded.
You closely miss the adder. You block the water moccasin's attack.
The adder bites you but does no damage. The water moccasin bites you.
* * * LOW HITPOINT WARNING * * *
The adder barely misses you. The water moccasin bites you!
* * * LOW HITPOINT WARNING * * *
You barely miss the water moccasin.
The water moccasin is lightly wounded.
You slash the adder!
You kill the adder!
The water moccasin bites you.
You die...

#.#.# #.#..#....#
#.#.# #.......# #.#..
#....#..# #.##+##
##..###..# #.#...#
+........### #.#.∩.#
#.....#....# ########
#.#... #...######.#
.......#
#.##'##..#...#......#
.......#
#...@S...#.......####
.......#
#........#..##.#.#
.......#
#.########.....#.#
..(....#
#............###.#
.†.....#
###########(.....#
.####### #...####
...# #.#.# ...# ###.#
...# #.#


You could see a water moccasin.

Vanquished Creatures
  A centaur skeleton (D:4)
  A gnoll (D:1)
  4 adders
  4 worms
  2 dart slugs (D:1)
  2 leopard geckos
  4 orcs
  A ball python (D:2)
  4 giant cockroaches
  13 goblins
  13 hobgoblins
  3 jackals (D:2)
  10 kobolds
  8 bats
  5 frilled lizards
  7 rats
82 creatures vanquished.

Vanquished Creatures (others)
  15 plants (D:1)
15 creatures vanquished.

Grand Total: 97 creatures vanquished

Notes
Turn   | Place    | Note
-------+----------+-------------------------------------------
     0 | D:1      | Hasart the Mummy Fighter began the quest for the Orb.
     0 | D:1      | Reached XP level 1. HP: 18/18 MP: 1/1
   354 | D:1      | Reached XP level 2. HP: 19/24 MP: 2/2
   869 | D:1      | Reached XP level 3. HP: 29/29 MP: 3/3
  1697 | D:2      | Reached XP level 4. HP: 15/35 MP: 4/4
  2052 | D:2      | Found a sparkling altar of Nemelex Xobeh.
  2054 | D:2      | Found a blossoming altar of Fedhas.
  2054 | D:2      | Found an ancient bone altar of Kikubaaqudgha.
  2054 | D:2      | Found an opulent altar of Gozag.
  2060 | D:2      | Found a burning altar of Makhleb.
  2060 | D:2      | Found a snail-covered altar of Cheibriados.
  2256 | D:3      | Reached skill level 1 in Throwing
  2330 | D:3      | Reached skill level 1 in Dodging
  3151 | D:3      | Reached XP level 5. HP: 41/41 MP: 5/5
  3698 | D:4      | Found Heozum's Serpentskin Sales.
  3698 | D:4      | Noticed a water moccasin
  3709 | D:4      | Slain by a water moccasin

Illustrated notes

Levels and vault maps discovered:
D:1:      roderic_crop_circles_arrival_small, layout_basic
D:2:      layout_basic, minmay_overflow_temple_hex
D:3:      minmay_door_path, layout_basic, minmay_goblin_kobold_house
D:4:      layout_basic, guppyfry_shop_venom, uniq_blork_the_orc

Skill      XL: |  1  2  3  4 |
---------------+-------------+-----
Axes           | 2 |  2.9
Throwing       | 1 |  1.3
Dodging        | 1 |  1.1
Fighting       | |  3.4
Armour         | |  2.9
Shields        | |  2.9

Action                   |  1- 3 |  4- 6 || total
-------------------------+-------+-------++-------
Melee: War axe           |   135 |   103 ||   238
Armor: Scale mail        |    53 |    38 ||    91
Dodge: Dodged            |    42 |    36 ||    78
Block: Kite shield       |    78 |    64 ||   142

Table legend: (Time is in decaauts)
 A = Elapsed time spent in this place.
 B = Non-inter-level travel time spent in this place.
 C = Inter-level travel time spent in this place.
 D = Time resting spent in this place.
 E = Time spent auto-exploring this place.
 F = Levels seen in this place.
 G = Mean time per level.
                   A        B        C        D        E       F      G
               +--------+--------+--------+--------+--------+-----+--------+
         Total |   3859 |   3767 |     92 |      0 |   3147 |   4 |  964.8 |
       Dungeon |   3859 |   3767 |     92 |      0 |   3147 |   4 |  964.8 |
               +--------+--------+--------+--------+--------+-----+--------+

Top non-repeatable levels by time:
     D:1: 1342 daAuts
     D:3: 1143 daAuts
     D:2: 1001 daAuts
     D:4: 371 daAuts
